 Dungeon Crawl Stone Soup version 0.29-a0-356-g7bc237e783 (webtiles) character file.

Game seed: 1870008491430881301

11390 spaghetti the Thaumaturge (level 11, -1/83 HPs)
             Began as a Gnoll Fire Elementalist on Apr 26, 2022.
             Was a High Priest of Zin.
             Slain by a four-headed hydra (9 damage)
             ... on level 11 of the Dungeon.
             The game lasted 00:24:15 (12564 turns).

spaghetti the Thaumaturge (GnFE)                   Turns: 12564, Time: 00:24:15

Health: -1/83      AC: 12    Str:  9    XL:     11   Next: 77%
Magic:  1/23       EV: 14    Int: 18    God:    Zin [*****.]
Gold:   543        SH:  0    Dex: 12    Spells: 5/26 levels left

rFire   + . .      SeeInvis .   b - +4 hunting sling (freeze) {sling}
rCold   + . .      Faith    .   (no shield)
rNeg    . . .      Spirit   .   s - +2 leather armour {rC+}
rPois   .          Reflect  .   S - +0 helmet
rElec   .          Harm     .   h - scarf {shadows}
rCorr   .          Rampage  .   (no gloves)
Will    .....                   H - +0 pair of boots
Stlth   +++.......              z - amulet of regeneration {@e2}
HPRegen 1.03/turn               x - +4 ring of protection
MPRegen 0.18/turn               L - ring of protection from fire

@: marked
A: fangs 1, strong nose, distributed training
a: Renounce Religion, Recite, Vitalisation, Imprison, Sanctuary, Donate Gold


You were on level 11 of the Dungeon.
You worshipped Zin.
Zin was extremely pleased with you.
You visited 1 branch of the dungeon, and saw 11 of its levels.
You also visited: Bailey.

You collected 703 gold pieces.
You spent 90 gold pieces at shops.
You donated 70 gold pieces to Zin.


Innate Abilities, Weirdness & Mutations

You have very sharp teeth.
Your uncanny sense of smell can sniff out nearby items.
Your experience applies equally to all skills.


   Skills:
 + Level 6.6 Fighting
 + Level 6.6 Short Blades
 + Level 6.6 Long Blades
 + Level 6.6 Axes
 + Level 6.6 Maces & Flails
 + Level 6.6 Polearms
 + Level 6.6 Staves
 + Level 6.6 Slings
 + Level 6.6 Bows
 + Level 6.6 Crossbows
 + Level 6.6 Throwing
 + Level 6.6 Armour
 + Level 8.1 Dodging
 + Level 7.9 Stealth
 + Level 6.6 Shields
 + Level 6.6 Unarmed Combat
 + Level 8.4 Spellcasting
 + Level 5.9 Conjurations
 + Level 5.4 Hexes
 + Level 5.4 Summonings
 + Level 5.4 Necromancy
 + Level 5.4 Translocations
 + Level 5.4 Transmutations
 + Level 7.8 Fire Magic
 + Level 5.4 Ice Magic
 + Level 5.4 Air Magic
 + Level 5.4 Earth Magic
 + Level 5.4 Poison Magic
 + Level 7.2 Invocations
 + Level 6.6 Evocations


You had 5 spell levels left.
You knew the following spells:

 Your Spells              Type           Power      Damage    Failure   Level
a - Foxfire               Conj/Fire      100%       2x1d9     1%          1
b - Scorch                Fire           70%        2d8       1%          2
c - Inner Flame           Hex/Fire       31%        N/A       2%          3
d - Conjure Flame         Conj/Fire      32%        6-21      2%          3
e - Flame Wave            Conj/Fire      32%        2d8       7%          4
f - Cause Fear            Hex            13%        N/A       13%         4
g - Passage of Golubria   Tloc           27%        N/A       13%         4

Your spell library contained the following spells:

 Spells                   Type           Power      Damage    Failure   Level
 Frozen Ramparts          Ice            54%        1d7       3%          3
 Gell's Gravitas          Tloc           27%        N/A       3%          3
 Teleport Other           Tloc           27%        N/A       3%          3
 Hailstorm                Conj/Ice       28%        3d8       12%         4
 Dispersal                Tloc           13%        N/A       89%         6
 Malign Gateway           Summ/Tloc      13%        N/A       100%        7
 Discord                  Hex            13%        N/A       100%        8
 Summon Horrible Things   Summ           13%        N/A       100%        8

Inventory:

Hand Weapons
 a - a +3 short sword of speed {short}
   (You found it in a bailey)
 b - a +4 hunting sling of freezing (weapon) {sling}
   (You found it in a bailey)
 k - a +0 bardiche {polearm}
   (You took it off an orc warrior in a bailey)
 m - a +0 antimagic spear {polearm}
   (You took it off a gnoll on level 5 of the Dungeon)
 p - a +2 dagger of speed {short}
   (You took it off an orc on level 5 of the Dungeon)
 E - a +0 long sword {long}
   (You found it on level 2 of the Dungeon)
 P - the +3 falchion of Sheltering Death {freeze, SInv, long}
   (You found it on level 10 of the Dungeon)

   It freezes those it strikes, dealing additional cold damage.
   It can also slow down cold-blooded creatures.
   SInv:      It lets you see invisible.
Missiles
 d - 229 stones {throwing}
 g - 3 boomerangs {throwing}
 j - 7 javelins {throwing}
 v - 14 poisoned darts {throwing}
Armour
 h - a scarf of shadows (worn)
   (You found it on level 1 of the Dungeon)
 s - a +2 leather armour of cold resistance (worn)
   (You took it off Duvessa on level 7 of the Dungeon)
 H - a +0 pair of boots (worn)
   (You found it on level 6 of the Dungeon)
 S - a +0 helmet (worn)
   (You found it on level 5 of the Dungeon)
Jewellery
 f - a ring of willpower
   (You took it off a hobgoblin on level 1 of the Dungeon)
 q - the ring "Imuamaod" {rElec rC- Str+2 Int+6}
   (You found it on level 8 of the Dungeon)

   [ring of intelligence]

   Str:       It affects your strength (+2).
   Int:       It affects your intelligence (+6).
   rC:        It makes you vulnerable to cold.
   rElec:     It insulates you from electricity.
 x - a +4 ring of protection (left hand)
   (You found it on level 2 of the Dungeon)
 z - an amulet of regeneration (around neck) {@e2}
   (You found it on level 2 of the Dungeon)
 A - an amulet of reflection
   (You found it on level 8 of the Dungeon)
 F - a ring of poison resistance
   (You found it on level 2 of the Dungeon)
 L - a ring of protection from fire (right hand)
   (You found it on level 8 of the Dungeon)
 O - a ring of magical power
   (You found it on level 10 of the Dungeon)
Wands
 c - a wand of polymorph (13) {forbidden}
   (You found it on level 5 of the Dungeon)
 l - a wand of digging (6)
   (You found it on level 5 of the Dungeon)
Scrolls
 e - 9 scrolls of teleportation {@r4}
 n - a scroll of magic mapping {!r}
 o - 3 scrolls of fog
 r - 2 scrolls of immolation {!r!r}
 t - a scroll of brand weapon
 u - 2 scrolls of summoning {unknown}
 y - 3 scrolls of enchant armour
 B - a scroll of noise {!r}
 J - 3 scrolls of enchant weapon {unknown}
 K - 2 scrolls of fear {unknown}
 M - a scroll of holy word {unknown}
 R - 2 scrolls of vulnerability {!r!r}
 T - a scroll of acquirement {unknown}
Potions
 i - 3 potions of lignification {forbidden!q}
 w - 2 potions of cancellation
 C - 3 potions of brilliance
 D - a potion of experience {unknown}
 G - 2 potions of curing {@q1}
 N - 2 potions of flight
 Q - a potion of invisibility

Dungeon Overview and Level Annotations

Branches:
Dungeon (11/15)            Temple (0/1) D:4            Lair (0/6) D:8
 Bailey (visited)
    Orc: D:9-12

Altars:
Cheibriados
Dithmenos
Gozag
Hepliaklqana
Sif Muna
Wu Jian
Xom
Yredelemnul
Zin

Shops:
D:7 ?   D:9 (*

Annotations:
D:3 Robin
D:11 Harold

... ... ?......# ..
.......#####'###.
...........(....
...............
#.............
#.............#
#....@........#
#..(@D........#
#.............
#...........##
#...........#
#(..........# ..
#....(..<...# ...
#.#####.....#
...######.'...#.....#
..........#...#.....#


You could see Harold (inner flame, resistant) and a four-headed hydra.


Message History

😨 HP[+1]
Casting: Scorch (safe; 1% risk of failure)
Confirm with . or Enter, or press ? or * to list all spells.
Flames lash the four-headed hydra.
The four-headed hydra's fire resistance burns away.
Harold says, "Listen, it's nothing personal.
It's just a job." 😨 HP[+1] MP[-1]
You lost 1 mp, and now have 1/23 mp.
Harold is no longer more vulnerable to fire. 😨 HP[+1]
Casting: Scorch (safe; 1% risk of failure)
Confirm with . or Enter, or press ? or * to list all spells.
You conjure some foxfire!
Harold hits you with a +0 dire flail!!
* * * LOW HITPOINT WARNING * * *
😱 HP[-22] MP[-1]
You take 22 damage, and now have 18/83 hp.
MASSIVE DAMAGE!! (PAUSE)
You lost 1 mp, and now have 0/23 mp.
Harold attacks as you move away! Harold barely misses you.
The foxfire hits Harold but does no damage. 😱 HP[+1]
Okay, then.
Okay, then.
Okay, then.
Okay, then.
You feel much better. Harold casts a spell at you.
The mark upon you grows brighter. 😨 HP[+16]
You regained 16 hp, and now have 35/83 hp.
Okay, then.
You feel much better.
The four-headed hydra bites you but does no damage. x2
The four-headed hydra closely misses you.
The four-headed hydra bites you but does no damage.
Harold hits you with a +0 dire flail!
Your magical contamination has completely faded away. 😮 HP[+12]
You regained 12 hp, and now have 47/83 hp.
Really attack while wielding your +4 hunting sling of freezing {sling}?
Okay, then.
Fire: b) +4 hunting sling (freeze) {sling}
Press: ? - help, Q - select action, (/) - cycle Shift-Dir - straight line, f/p - Harold
Aim: Harold, wielding a +0 dire flail, wearing a +0 chain mail and quivering a throwing net (almost dead, inner flame, unusually resistant, 79% to hit)
You shoot a sling bullet. The sling bullet barely misses Harold.
The four-headed hydra is no longer more vulnerable to fire.
The four-headed hydra bites you but does no damage.
The four-headed hydra closely misses you. x2
The four-headed hydra bites you!
* * * LOW HITPOINT WARNING * * *
Harold gestures at you while chanting.
The mark upon you grows brighter. 😨 HP[-10] MP[+1]
You take 10 damage, and now have 37/83 hp.
Unknown command.
Fire: b) +4 hunting sling (freeze) {sling}
Press: ? - help, Q - select action, (/) - cycle Shift-Dir - straight line, f/p - Harold
Aim: Harold, wielding a +0 dire flail, wearing a +0 chain mail and quivering a throwing net (almost dead, inner flame, unusually resistant, 79% to hit)
You shoot a sling bullet.
The sling bullet hits Harold but does no damage.
The four-headed hydra bites you!
* * * LOW HITPOINT WARNING * * *
The four-headed hydra closely misses you.
The four-headed hydra barely misses you.
The four-headed hydra bites you!
* * * LOW HITPOINT WARNING * * *
Harold hits you with a +0 dire flail.
* * * LOW HITPOINT WARNING * * *
😱 HP[-24]
You take 24 damage, and now have 13/83 hp.
MASSIVE DAMAGE!! (PAUSE)
You feel much better.
The four-headed hydra closely misses you.
The four-headed hydra bites you!
* * * LOW HITPOINT WARNING * * *
The four-headed hydra bites you but does no damage.
The four-headed hydra bites you.
* * * LOW HITPOINT WARNING * * *
Harold hits you with a +0 dire flail.
* * * LOW HITPOINT WARNING * * *
😱 HP[-6]
You take 6 damage, and now have 7/83 hp.
Unknown command.
Okay, then.
Okay, then.
Okay, then.
Okay, then.
Okay, then.
Okay, then.
Okay, then.
Throw: 8 javelins {throwing}
Press: ? - help, Shift-Dir - straight line, f/p - Harold
Aim: Harold, wielding a +0 dire flail, wearing a +0 chain mail and quivering a throwing net (almost dead, inner flame, unusually resistant, 77% to hit)
You throw a javelin {throwing}.
The javelin {throwing} pierces through Harold.
Flame seeps out of Harold.
The four-headed hydra misses you.
The four-headed hydra barely misses you.
The four-headed hydra bites you!
You die...

Skill      XL: |  1  2  3  4  5  6  7  8  9 10 11 |
---------------+----------------------------------+-----
Conjurations   | 2 3 4 5 |  5.9
Spellcasting   | 5 6 7 8 |  8.4
Invocations    | 1 2 3 4 5 6 7 |  7.2
Fighting       | 1 2 3 4 5 6 |  6.6
Short Blades   | 1 2 3 4 5 6 |  6.6
Long Blades    | 1 2 3 4 5 6 |  6.6
Axes           | 1 2 3 4 5 6 |  6.6
Maces & Flails | 1 2 3 4 5 6 |  6.6
Polearms       | 1 2 3 4 5 6 |  6.6
Staves         | 1 2 3 4 5 6 |  6.6
Slings         | 1 2 3 4 5 6 |  6.6
Bows           | 1 2 3 4 5 6 |  6.6
Crossbows      | 1 2 3 4 5 6 |  6.6
Throwing       | 1 2 3 4 5 6 |  6.6
Armour         | 1 2 3 4 5 6 |  6.6
Shields        | 1 2 3 4 5 6 |  6.6
Unarmed Combat | 1 2 3 4 5 6 |  6.6
Evocations     | 1 2 3 4 5 6 |  6.6
Hexes          | 1 2 3 4 5 |  5.4
Summonings     | 1 2 3 4 5 |  5.4
Necromancy     | 1 2 3 4 5 |  5.4
Translocations | 1 2 3 4 5 |  5.4
Transmutations | 1 2 3 4 5 |  5.4
Ice Magic      | 1 2 3 4 5 |  5.4
Air Magic      | 1 2 3 4 5 |  5.4
Earth Magic    | 1 2 3 4 5 |  5.4
Poison Magic   | 1 2 3 4 5 |  5.4
Dodging        | 5 6 7 8 |  8.1
Stealth        | 5 6 7 |  7.9
Fire Magic     | 6 7 |  7.8

Action                   |  1- 3 |  4- 6 |  7- 9 | 10-12 || total
-------------------------+-------+-------+-------+-------++-------
Melee: Unarmed           |     9 |     5 |       |       ||    14
       Bite              |     3 |     4 |     8 |     5 ||    20
       Long sword        |       |    61 |       |       ||    61
       Punch             |       |     1 |     4 |       ||     5
       Dagger            |       |       |    75 |    22 ||    97
 Fire: Hunting sling     |       |       |       |    51 ||    51
Throw: Stone             |       |     9 |    12 |       ||    21
       Dart              |       |     4 |       |       ||     4
       Javelin           |       |       |       |     1 ||     1
 Cast: Foxfire           |    45 |    28 |   102 |    76 ||   251
       Scorch            |    13 |    24 |    97 |    79 ||   213
       Inner Flame       |       |       |     1 |    42 ||    43
       Cause Fear        |       |       |     1 |     5 ||     6
       Flame Wave        |       |       |     2 |       ||     2
Invok: Recite            |       |     2 |     1 |     1 ||     4
       Vitalisation      |       |     1 |       |       ||     1
  Use: Potion            |     1 |     7 |     3 |     7 ||    18
       Scroll            |       |     3 |     7 |     2 ||    12
Armor: Robe              |     6 |       |       |       ||     6
       Skin              |       |    22 |     1 |       ||    23
       Leather armour    |       |       |    42 |    47 ||    89
       Steam dragon scal |       |       |     7 |       ||     7
Dodge: Dodged            |    26 |    56 |    94 |    97 ||   273

Levels and vault maps discovered:
D:1:      psy_arrival_terrarium, layout_rooms,
          hellmonk_ecumenical_altar_lost_god, minivault_4
D:2:      layout_loops_cross, basic_altar
D:3:      wad_lake_hut, layout_basic, nicolae_ashenzari_skybound,
          chequers_jeans, nicolae_underground_beach, uniq_crazy_yiuf_cottage,
          uniq_robin
D:4:      cheibrodos_pilgrimage, layout_basic, minmay_temple_entry_mist,
          serial_rivers, chequers_serial_rivers_micro_e,
          chequers_serial_rivers_room_b, chequers_serial_rivers_room_b,
          chequers_serial_rivers_small_b, chequers_serial_rivers_room_a,
          uniq_natasha
D:5:      layout_cave_pools, nicolae_yredelemnul_corpse_copse,
          minmay_hedge_maze, chequers_serial_rivers_large_b
D:6:      layout_cave_pods, grunt_dithmenos_smoke
D:7:      layout_loops_ring, lemuel_doored_altar, nicolae_wu_jian_wuxing_cycle,
          kennysheep_little_box, serial_shops, nicolae_shop_hallway_plus,
          uniq_duvessa
D:8:      layout_layer_cave, lair_entry_dummy, amcnicky_mini_pool_medium
D:9:      layout_loops_ring, grunt_gozag_breadcrumbs, zin_angel, enter_bailey_5,
          serial_shops, shop_fountains, shop
D:10:     layout_long_grid, marbit_many_paths, nicolae_hepliaklqana_hippocampus,
          columned_hall_lemuel, minmay_fractal_squares_5
D:11:     layout_irregular_city, hiddenorc2_lemuel, uniq_harold

Notes
Turn   | Place    | Note
-------+----------+-------------------------------------------
     0 | D:1      | spaghetti the Gnoll Fire Elementalist began the quest for
                  | the Orb.
     0 | D:1      | Reached XP level 1. HP: 13/13 MP: 6/6
     0 | D:1      | magus.rc [v1.9.6]
    21 | D:1      | Reached skill level 2 in Conjurations
    81 | D:1      | Reached XP level 2. HP: 19/19 MP: 2/7
   173 | D:1      | Learned a level 2 spell: Scorch
   727 | D:1      | Found a faded altar of an unknown god.
   755 | D:1      | Prayed at the altar of an unknown god.
   755 | D:1      | Became a worshipper of Zin the Law-Giver
   755 | D:1      | Reached * piety under Zin
   955 | D:1      | Reached XP level 3. HP: 24/25 MP: 5/9
   959 | D:1      | Learned a level 3 spell: Inner Flame
   963 | D:1      | Learned a level 3 spell: Conjure Flame
  1072 | D:2      | Reached skill level 5 in Spellcasting
  1073 | D:2      | Reached skill level 1 in Invocations
  1292 | D:2      | Reached ** piety under Zin
  1411 | D:2      | Reached skill level 1 in Fighting
  1411 | D:2      | Reached skill level 1 in Short Blades
  1411 | D:2      | Reached skill level 1 in Long Blades
  1411 | D:2      | Reached skill level 1 in Axes
  1411 | D:2      | Reached skill level 1 in Maces & Flails
  1411 | D:2      | Reached skill level 1 in Polearms
  1411 | D:2      | Reached skill level 1 in Staves
  1411 | D:2      | Reached skill level 1 in Slings
  1411 | D:2      | Reached skill level 1 in Bows
  1411 | D:2      | Reached skill level 1 in Crossbows
  1411 | D:2      | Reached skill level 1 in Throwing
  1411 | D:2      | Reached skill level 1 in Armour
  1411 | D:2      | Reached skill level 1 in Shields
  1411 | D:2      | Reached skill level 1 in Unarmed Combat
  1411 | D:2      | Reached skill level 1 in Evocations
  1480 | D:2      | Reached XP level 4. HP: 32/32 MP: 6/11
  2027 | D:2      | Found a glowing silver altar of Zin.
  2291 | D:3      | Reached *** piety under Zin
  2715 | D:3      | Learned a level 4 spell: Flame Wave
  2771 | D:3      | Identified the +9 hand axe of Generosity {venom, rF+}
  2773 | D:3      | Reached skill level 1 in Hexes
  2773 | D:3      | Reached skill level 1 in Summonings
  2773 | D:3      | Reached skill level 1 in Necromancy
  2773 | D:3      | Reached skill level 1 in Translocations
  2773 | D:3      | Reached skill level 1 in Transmutations
  2773 | D:3      | Reached skill level 1 in Ice Magic
  2773 | D:3      | Reached skill level 1 in Air Magic
  2773 | D:3      | Reached skill level 1 in Earth Magic
  2773 | D:3      | Reached skill level 1 in Poison Magic
  2782 | D:3      | Noticed Robin
  2788 | D:3      | HP: 7/32 [goblin/+0 dagger[Robin] (5)]
  2788 | D:3      | HP: 3/32 [goblin/+0 club[Robin] (4)]
  2938 | D:4      | HP: 8/32 [hound (3)]
  2941 | D:4      | Reached XP level 5. HP: 7/37 MP: 12/12
  3017 | D:4      | Noticed an ogre
  3030 | D:4      | Killed an ogre
  3031 | D:4      | Reached XP level 6. HP: 36/44 MP: 13/13
  3032 | D:4      | Reached skill level 2 in Invocations
  3044 | D:4      | Found a staircase to the Ecumenical Temple.
  3087 | D:4      | You fall into a shaft and drop 2 floors!
  3357 | D:6      | You add the spells Malign Gateway and Summon Horrible
                  | Things to your library.
  3384 | D:6      | Noticed a sky beast
  3390 | D:6      | Killed a sky beast
  3391 | D:6      | Reached skill level 2 in Fighting
  3391 | D:6      | Reached skill level 2 in Short Blades
  3391 | D:6      | Reached skill level 2 in Long Blades
  3391 | D:6      | Reached skill level 2 in Axes
  3391 | D:6      | Reached skill level 2 in Maces & Flails
  3391 | D:6      | Reached skill level 2 in Polearms
  3391 | D:6      | Reached skill level 2 in Staves
  3391 | D:6      | Reached skill level 2 in Slings
  3391 | D:6      | Reached skill level 2 in Bows
  3391 | D:6      | Reached skill level 2 in Crossbows
  3391 | D:6      | Reached skill level 2 in Throwing
  3391 | D:6      | Reached skill level 2 in Armour
  3391 | D:6      | Reached skill level 5 in Dodging
  3391 | D:6      | Reached skill level 2 in Shields
  3391 | D:6      | Reached skill level 2 in Unarmed Combat
  3391 | D:6      | Reached skill level 2 in Evocations
  3457 | D:6      | Noticed a sky beast
  3472 | D:6      | Killed a sky beast
  3473 | D:6      | Reached XP level 7. HP: 27/51 MP: 2/15
  3737 | D:6      | Found a shadowy altar of Dithmenos.
  3777 | D:6      | You pick up a book of Hexes and begin reading...
  3777 | D:6      | You add the spells Cause Fear and Discord to your library.
  3900 | D:6      | Learned a level 4 spell: Cause Fear
  3952 | D:6      | Reached skill level 3 in Conjurations
  3952 | D:6      | Reached skill level 2 in Hexes
  3952 | D:6      | Reached skill level 2 in Summonings
  3952 | D:6      | Reached skill level 2 in Necromancy
  3952 | D:6      | Reached skill level 2 in Translocations
  3952 | D:6      | Reached skill level 2 in Transmutations
  3952 | D:6      | Reached skill level 2 in Ice Magic
  3952 | D:6      | Reached skill level 2 in Air Magic
  3952 | D:6      | Reached skill level 2 in Earth Magic
  3952 | D:6      | Reached skill level 2 in Poison Magic
  4199 | D:5      | Entered Level 5 of the Dungeon
  4232 | D:5      | You add the spells Gell's Gravitas, Teleport Other and
                  | Dispersal to your library.
  4591 | D:5      | Reached skill level 5 in Stealth
  4713 | D:5      | Reached skill level 3 in Invocations
  4728 | D:5      | Reached skill level 6 in Fire Magic
  4728 | D:5      | Reached XP level 8. HP: 57/57 MP: 1/16
  4824 | D:5      | Reached **** piety under Zin
  4874 | D:5      | Reached skill level 3 in Fighting
  4874 | D:5      | Reached skill level 3 in Short Blades
  4874 | D:5      | Reached skill level 3 in Long Blades
  4874 | D:5      | Reached skill level 3 in Axes
  4874 | D:5      | Reached skill level 3 in Maces & Flails
  4874 | D:5      | Reached skill level 3 in Polearms
  4874 | D:5      | Reached skill level 3 in Staves
  4874 | D:5      | Reached skill level 3 in Slings
  4874 | D:5      | Reached skill level 3 in Bows
  4874 | D:5      | Reached skill level 3 in Crossbows
  4874 | D:5      | Reached skill level 3 in Throwing
  4874 | D:5      | Reached skill level 3 in Armour
  4874 | D:5      | Reached skill level 3 in Shields
  4874 | D:5      | Reached skill level 3 in Unarmed Combat
  4874 | D:5      | Reached skill level 3 in Evocations
  4979 | D:5      | Found a basalt altar of Yredelemnul.
  5105 | D:5      | Reached skill level 6 in Spellcasting
  5747 | D:7      | Noticed Dowan
  5750 | D:7      | Noticed Duvessa
  5757 | D:7      | Killed Dowan
  5890 | D:7      | Reached skill level 3 in Hexes
  5890 | D:7      | Reached skill level 3 in Summonings
  5890 | D:7      | Reached skill level 3 in Necromancy
  5890 | D:7      | Reached skill level 3 in Translocations
  5890 | D:7      | Reached skill level 3 in Transmutations
  5890 | D:7      | Reached skill level 3 in Ice Magic
  5890 | D:7      | Reached skill level 3 in Air Magic
  5890 | D:7      | Reached skill level 3 in Earth Magic
  5890 | D:7      | Reached skill level 3 in Poison Magic
  5890 | D:7      | Reached skill level 4 in Invocations
  5892 | D:7      | HP: 14/59 [Duvessa/+0 short sword (9)]
  5893 | D:7      | HP: 6/59 [Duvessa/+0 short sword (8)]
  5895 | D:7      | Killed Duvessa
  5896 | D:7      | Reached skill level 6 in Dodging
  5896 | D:7      | Reached XP level 9. HP: 8/65 MP: 0/18
  6159 | D:7      | Found an ornate altar of the Wu Jian Council.
  6459 | D:7      | Found Ziuraemp's Magic Scroll Emporium.
  6464 | D:7      | Bought a scroll of identify for 24 gold pieces
  6517 | D:7      | Reached skill level 4 in Fighting
  6517 | D:7      | Reached skill level 4 in Short Blades
  6517 | D:7      | Reached skill level 4 in Long Blades
  6517 | D:7      | Reached skill level 4 in Axes
  6517 | D:7      | Reached skill level 4 in Maces & Flails
  6517 | D:7      | Reached skill level 4 in Polearms
  6517 | D:7      | Reached skill level 4 in Staves
  6517 | D:7      | Reached skill level 4 in Slings
  6517 | D:7      | Reached skill level 4 in Bows
  6517 | D:7      | Reached skill level 4 in Crossbows
  6517 | D:7      | Reached skill level 4 in Throwing
  6517 | D:7      | Reached skill level 4 in Armour
  6517 | D:7      | Reached skill level 4 in Shields
  6517 | D:7      | Reached skill level 4 in Unarmed Combat
  6517 | D:7      | Reached skill level 4 in Conjurations
  6517 | D:7      | Reached skill level 4 in Evocations
  6674 | D:7      | Found a shimmering altar of Xom.
  6820 | D:6      | Reached skill level 6 in Stealth
  6944 | D:6      | Reached skill level 5 in Invocations
  7401 | D:7      | Found a shimmering blue altar of Sif Muna.
  7609 | D:8      | Identified the ring "Imuamaod" {rElec rC- Str+2 Int+6}
  7669 | D:8      | Reached skill level 7 in Spellcasting
  7716 | D:8      | Found a staircase to the Lair.
  7782 | D:8      | Reached XP level 10. HP: 73/73 MP: 12/20
  8144 | D:8      | Reached skill level 4 in Hexes
  8144 | D:8      | Reached skill level 4 in Summonings
  8144 | D:8      | Reached skill level 4 in Necromancy
  8144 | D:8      | Reached skill level 4 in Translocations
  8144 | D:8      | Reached skill level 4 in Transmutations
  8144 | D:8      | Reached skill level 4 in Ice Magic
  8144 | D:8      | Reached skill level 4 in Air Magic
  8144 | D:8      | Reached skill level 4 in Earth Magic
  8144 | D:8      | Reached skill level 4 in Poison Magic
  8423 | D:8      | Reached ***** piety under Zin
  8801 | D:9      | Reached skill level 5 in Fighting
  8801 | D:9      | Reached skill level 5 in Short Blades
  8801 | D:9      | Reached skill level 5 in Long Blades
  8801 | D:9      | Reached skill level 5 in Axes
  8801 | D:9      | Reached skill level 5 in Maces & Flails
  8801 | D:9      | Reached skill level 5 in Polearms
  8801 | D:9      | Reached skill level 5 in Staves
  8801 | D:9      | Reached skill level 5 in Slings
  8801 | D:9      | Reached skill level 5 in Bows
  8801 | D:9      | Reached skill level 5 in Crossbows
  8801 | D:9      | Reached skill level 5 in Throwing
  8801 | D:9      | Reached skill level 5 in Armour
  8801 | D:9      | Reached skill level 5 in Shields
  8801 | D:9      | Reached skill level 5 in Unarmed Combat
  8801 | D:9      | Reached skill level 7 in Fire Magic
  8801 | D:9      | Reached skill level 5 in Evocations
  8933 | D:9      | Reached skill level 7 in Dodging
  9012 | D:9      | Found a flagged portal.
  9026 | Bailey   | Entered a bailey
  9130 | Bailey   | Found a large runed translucent door.
  9130 | Bailey   | Found a large runed translucent door.
  9131 | Bailey   | Noticed a deep elf pyromancer
  9135 | Bailey   | Noticed an orc knight
  9143 | Bailey   | Killed an orc knight
  9144 | Bailey   | Reached skill level 5 in Conjurations
  9464 | Bailey   | Killed a deep elf pyromancer
  9465 | Bailey   | Reached skill level 7 in Stealth
  9465 | Bailey   | Reached skill level 6 in Invocations
  9500 | Bailey   | You add the spells Frozen Ramparts, Hailstorm and Passage
                  | of Golubria to your library.
  9500 | Bailey   | Got the Incunabulum of Spatial Ice
  9639 | D:9      | Found Foedoem's Antique Weapon Boutique.
  9643 | D:9      | Found an opulent altar of Gozag.
  9728 | D:9      | Noticed a manticore
  9736 | D:9      | Killed a manticore
 10055 | D:9      | Found Huij's Assorted Antiques.
 10060 | D:9      | Bought a scroll labelled LOTAONLE LYPOF for 33 gold pieces
 10060 | D:9      | Bought a scroll labelled AHUBBA HIUHAY for 33 gold pieces
 10093 | D:9      | Noticed a two-headed ogre
 10100 | D:9      | Killed a two-headed ogre
 10101 | D:9      | Reached XP level 11. HP: 41/81 MP: 15/22
 10437 | D:9      | Noticed an angel
 10438 | D:9      | Found a glowing silver altar of Zin.
 10461 | D:10     | Entered Level 10 of the Dungeon
 10509 | D:10     | Reached skill level 6 in Fighting
 10509 | D:10     | Reached skill level 6 in Short Blades
 10509 | D:10     | Reached skill level 6 in Long Blades
 10509 | D:10     | Reached skill level 6 in Axes
 10509 | D:10     | Reached skill level 6 in Maces & Flails
 10509 | D:10     | Reached skill level 6 in Polearms
 10509 | D:10     | Reached skill level 6 in Staves
 10509 | D:10     | Reached skill level 6 in Slings
 10509 | D:10     | Reached skill level 6 in Bows
 10509 | D:10     | Reached skill level 6 in Crossbows
 10509 | D:10     | Reached skill level 6 in Throwing
 10509 | D:10     | Reached skill level 6 in Armour
 10509 | D:10     | Reached skill level 6 in Shields
 10509 | D:10     | Reached skill level 6 in Unarmed Combat
 10509 | D:10     | Reached skill level 5 in Hexes
 10509 | D:10     | Reached skill level 5 in Summonings
 10509 | D:10     | Reached skill level 5 in Necromancy
 10509 | D:10     | Reached skill level 5 in Translocations
 10509 | D:10     | Reached skill level 5 in Transmutations
 10509 | D:10     | Reached skill level 5 in Ice Magic
 10509 | D:10     | Reached skill level 5 in Air Magic
 10509 | D:10     | Reached skill level 5 in Earth Magic
 10509 | D:10     | Reached skill level 5 in Poison Magic
 10509 | D:10     | Reached skill level 6 in Evocations
 10703 | D:10     | Identified the +3 falchion of Sheltering Death {freeze,
                  | SInv}
 10772 | D:10     | Reached skill level 8 in Spellcasting
 10820 | D:10     | Learned a level 4 spell: Passage of Golubria
 11053 | D:10     | Noticed a two-headed ogre
 11061 | D:10     | Killed a two-headed ogre
 11290 | D:10     | Found a hazy altar of Hepliaklqana.
 11506 | D:9      | Reached skill level 7 in Invocations
 11631 | D:10     | Reached skill level 8 in Dodging
 12258 | D:10     | Found a snail-covered altar of Cheibriados.
 12369 | D:11     | Noticed a cyclops
 12376 | D:11     | Killed a cyclops
 12430 | D:11     | Noticed Harold
 12553 | D:11     | Noticed a four-headed hydra
 12557 | D:11     | HP: 18/83 [Harold/+0 dire flail (23)]
 12562 | D:11     | HP: 17/83 [four-headed hydra (10)]
 12563 | D:11     | HP: 7/83 [Harold/+0 dire flail (6)]
 12564 | D:11     | Slain by a four-headed hydra

Vanquished Creatures
  2 two-headed ogres
  A deep elf pyromancer (Bailey)
  An orc knight (Bailey)
  A cyclops (D:11)
  A manticore (D:9)
  2 slime creatures (D:10)
  A gargoyle (D:10)
  A kobold demonologist (D:10)
  A komodo dragon (D:10)
  2 trolls
  2 shadows
  2 wraiths
  17 yaks
  A vampire mosquito (D:10)
  2 steam dragons (D:7)
  Duvessa (D:7)
  A water moccasin (D:7)
  6 orc warriors
  An ice beast (D:6)
  2 sky beasts (D:6)
  2 ogres
  2 centaurs
  3 bullfrogs
  A scorpion (D:6)
  8 wights
  4 water moccasin zombies (D:5)
  6 killer bees
  Dowan (D:7)
  A howler monkey (D:8)
  An electric eel (D:8)
  2 jellies
  3 hounds
  3 orc priests
  2 iguanas
  7 orc wizards
  2 hound zombies (D:5)
  6 gnolls
  6 adders
  3 white imps
  3 worms
  A dart slug (D:5)
  46 orcs
  2 ball pythons (D:2)
  7 endoplasms
  6 giant cockroaches
  9 goblins
  3 hobgoblins
  4 kobolds
  A quokka (D:1)
  2 bats (D:1)
  A frilled lizard (D:1)
  5 rats
201 creatures vanquished.

Vanquished Creatures (collateral kills)
  A foxfire (D:5)
1 creature vanquished.

Vanquished Creatures (others)
  423 foxfires
  22 plants (D:3)
445 creatures vanquished.

Grand Total: 647 creatures vanquished

Table legend:
 A = Non-vault XP
 B = Vault XP
 C = Vault XP percentage of total XP
 D = Non-vault monster count
 E = Vault monster count
 F = Vault count percentage of total count
                 A         B        C        D         E       F
            +---------+---------+-------+---------+---------+-------
      Total |   12127 |    4145 |  25.5 |     169 |      32 |  15.9
            +---------+---------+-------+---------+---------+-------
        D:1 |      34 |       0 |   0.0 |      19 |       0 |   0.0
        D:2 |      57 |       0 |   0.0 |      15 |       0 |   0.0
        D:3 |      58 |       1 |   1.7 |       9 |       1 |  10.0
        D:4 |     173 |       0 |   0.0 |       5 |       0 |   0.0
        D:5 |     425 |     351 |  45.2 |      21 |       6 |  22.2
        D:6 |    1790 |       0 |   0.0 |      20 |       0 |   0.0
        D:7 |    1289 |     213 |  14.2 |      22 |       2 |   8.3
        D:8 |     432 |      64 |  12.9 |      12 |       2 |  14.3
        D:9 |    3089 |     308 |   9.1 |      17 |       5 |  22.7
       D:10 |    4041 |    1533 |  27.5 |      27 |       6 |  18.2
       D:11 |     739 |       0 |   0.0 |       2 |       0 |   0.0
     Bailey |       0 |    1675 | 100.0 |       0 |      10 | 100.0
            +---------+---------+-------+---------+---------+-------

Illustrated notes

Table legend:
 A = Kills in this place as a percentage of kills in entire the game.
 B = Kills by you in this place as a percentage of kills by you in the entire game.
 C = Kills by friends in this place as a percentage of kills by friends in the entire game.
 D = Other kills in this place as a percentage of other kills in the entire game.
 E = Experience gained in this place as a percentage of experience gained in the entire game.
 F = Experience gained in this place divided by the number of levels of this place that you have seen.
                   A       B       C       D       E      F
               +-------+-------+-------+-------+-------+----------------------
         Total | 100.0 | 100.0 |   N/A | 100.0 | 100.0 | 1356.0
       Dungeon |  95.0 |  94.9 |   N/A | 100.0 |  89.7 | 1327.0
        Bailey |   5.0 |   5.1 |   N/A |   0.0 |  10.3 | 1675.0
               +-------+-------+-------+-------+-------+----------------------

Table legend: (Time is in decaauts)
 A = Elapsed time spent in this place.
 B = Non-inter-level travel time spent in this place.
 C = Inter-level travel time spent in this place.
 D = Time resting spent in this place.
 E = Time spent auto-exploring this place.
 F = Levels seen in this place.
 G = Mean time per level.
                   A        B        C        D        E       F      G
               +--------+--------+--------+--------+--------+-----+--------+
         Total |  12572 |  12291 |    281 |   2200 |   8417 |  12 | 1047.7 |
       Dungeon |  12050 |  11769 |    281 |   2130 |   8124 |  11 | 1095.5 |
        Bailey |    522 |    522 |      0 |     70 |    293 |   1 |  522.0 |
               +--------+--------+--------+--------+--------+-----+--------+

Top non-repeatable levels by time:
    D:10: 1629 daAuts
     D:6: 1556 daAuts
     D:8: 1472 daAuts
     D:9: 1395 daAuts
     D:7: 1386 daAuts
     D:5: 1280 daAuts
     D:2: 1155 daAuts
     D:1: 1069 daAuts
     D:3: 583 daAuts
  Bailey: 522 daAuts
     D:4: 286 daAuts
    D:11: 234 daAuts
